 Dungeon Crawl Stone Soup version 0.20.1-1-g8b1a95d (webtiles) character file.

161 iiro the Digger (level 5, 0/28 HPs)
             Began as a Gargoyle Earth Elementalist on July 28, 2017.
             Slain by a worker ant (1 damage)
             ... on level 4 of the Dungeon.
             The game lasted 00:07:17 (2974 turns).

iiro the Digger (Gargoyle Earth Elementalist)       Turns: 2974, Time: 00:07:18

Health: 0/28       AC:  9    Str: 11    XL:     5   Next: 42%
Magic:  0/8        EV: 12    Int: 17    God:
Gold:   109        SH:  0    Dex: 10    Spells: 4/8 levels left

rFire    . . .     SeeInvis .   n - +0 rapier
rCold    . . .     Gourm    .   (no shield)
rNeg     + . .     Faith    .   c - +0 robe
rPois    ∞         Spirit   .   m - +1 helmet
rElec    +         Reflect  .   t - +0 cloak
rCorr    .         Harm     .   (no gloves)
MR       .....                  (no boots)
Stlth    ++........             (no amulet)
Regen    0.1/turn               (no ring)
MPRegen  0.2/turn               (no ring)

@: no status effects
A: negative energy resistance 1, electricity resistance, unbreathing,
petrification resistance, rot immunity, AC +4
a: no special abilities


You were on level 4 of the Dungeon.
You were not hungry.

You visited 1 branch of the dungeon, and saw 4 of its levels.

You collected 109 gold pieces.

Inventory:

Hand Weapons
 n - a +0 rapier (weapon)
Missiles
 b - 96 stones (quivered)
Armour
 a - a cursed +0 buckler
 c - a +0 robe (worn)
 m - a +1 helmet (worn)
 t - a +0 cloak (worn)
Scrolls
 g - 2 scrolls of remove curse {unknown}
 h - 2 scrolls of immolation {unknown}
 k - 2 scrolls of amnesia {unknown}
 l - a scroll of fear {unknown}
Potions
 i - a potion of haste {unknown}
 j - 2 potions of curing
 p - a potion of berserk rage {unknown}
 r - a potion of mutation {unknown}
 s - 2 potions of might {unknown}
Books
 e - a book of Geomancy

   Spells                             Type                      Level
   a - Sandblast                      Earth                        1
   b - Passwall                       Transmutation/Earth          2
   c - Stone Arrow                    Conjuration/Earth            3
   d - Petrify                        Transmutation/Earth          4
   e - Lee's Rapid Deconstruction     Earth                        5
 q - a book of Misfortune

   Spells                             Type                      Level
   a - Confusing Touch                Hexes                        1
   b - Confuse                        Hexes                        3
   c - Gell's Gravitas                Translocation                3
   d - Petrify                        Transmutation/Earth          4
   e - Metabolic Englaciation         Hexes/Ice                    5
   f - Yara's Violent Unravelling     Hexes/Transmutation          5
Comestibles
 d - a bread ration
 f - 6 chunks of flesh
 o - a royal jelly
 u - a meat ration


   Skills:
 - Level 1.5 Dodging
 - Level 2.1 Stealth
 - Level 2.0 Spellcasting
   Level 0.7 Transmutations
 + Level 7.1 Earth Magic


You had 4 spell levels left.
You knew the following spells:

 Your Spells              Type           Power        Failure   Level  Hunger
a - Sandblast             Erth           ####..       1%          1    #......
b - Stone Arrow           Conj/Erth      ##....       13%         3    ###....


Dungeon Overview and Level Annotations

Branches:
Dungeon (4/15)
 Temple: D:4-7

Altars:

Annotations:
D:3 Ijyb; ReignOfFire's ghost, amateur DsFi


Innate Abilities, Weirdness & Mutations

You are resistant to torment.
Your stone body is resilient. (AC +4)
You are immune to poison.
You resist negative energy. (rN+)
You are resistant to electric shocks. (rElec)
You can survive without breathing.
You are immune to petrification.
You are immune to rotting.


Message History

The blast of sand misses the worker ant.
b - 96 stones
Casting: Sandblast
Confirm with . or Enter, or press ? or * to list all spells.
You don't have enough magic to cast that spell.
Unknown command.
You closely miss the worker ant.
The worker ant is lightly wounded.
The worker ant closely misses you.
The worker ant bites you but does no damage.
You hit the worker ant.
The worker ant is heavily wounded.
The worker ant bites you but does no damage.
You barely miss the worker ant.
The worker ant is heavily wounded.
The worker ant bites you but does no damage.
You barely miss the worker ant.
The worker ant is heavily wounded.
The worker ant barely misses you. The worker ant bites you.
You die...

.# .# #.#
..#
####..#
#.....#
#.....#
#..@..#
#..a.>#
#....##
#....#
......
#.......
#.......
#........


You could see a worker ant.

Vanquished Creatures
  An orc wizard (D:3)
  4 gnolls (D:3)
  3 adders
  An ooze (D:1)
  2 worms (D:2)
  2 dart slugs (D:2)
  3 leopard geckos (D:2)
  4 orcs
  A giant cockroach (D:3)
  9 goblins
  3 hobgoblins
  5 bats
  5 frilled lizards
  6 kobolds
  5 rats
54 creatures vanquished.

Notes
Turn   | Place    | Note
-------+----------+-------------------------------------------
     0 | D:1      | iiro the Gargoyle Earth Elementalist began the quest for the Orb.
     0 | D:1      | Reached XP level 1. HP: 10/10 MP: 3/3
   100 | D:1      | Reached skill level 4 in Earth Magic
   164 | D:1      | Reached XP level 2. HP: 15/15 MP: 3/5
  1017 | D:1      | Reached XP level 3. HP: 19/19 MP: 4/6
  1034 | D:1      | Reached skill level 5 in Earth Magic
  1857 | D:2      | Learned a level 3 spell: Stone Arrow
  2129 | D:2      | Reached XP level 4. HP: 24/24 MP: 7/7
  2353 | D:3      | Noticed Ijyb
  2353 | D:3      | Noticed ReignOfFire's ghost (amateur DsFi)
  2388 | D:3      | Reached skill level 6 in Earth Magic
  2405 | D:3      | Reached XP level 5. HP: 13/28 MP: 5/8
  2780 | D:3      | Reached skill level 7 in Earth Magic
  2956 | D:3      | HP: 1/28 [ReignOfFire's ghost (4)]
  2967 | D:3      | HP: 1/28 [ReignOfFire's ghost (8)]
  2974 | D:4      | Slain by a worker ant

Skill      XL: |  1  2  3  4  5 |
---------------+----------------+-----
Earth Magic    | 4 5 6 7 |  7.1
Dodging        | |  1.5
Stealth        | |  2.1
Spellcasting   | |  2.0
Transmutations | |  0.7

Action                   |  1- 3 |  4- 6 || total
-------------------------+-------+-------++-------
Melee: Whip              |    83 |       ||    83
       Rapier            |     8 |    53 ||    61
 Cast: Sandblast         |    23 |    19 ||    42
       Stone Arrow       |       |     2 ||     2
  Use: Potion            |       |     1 ||     1
 Stab: Sleeping          |     6 |       ||     6
       Distracted        |     1 |       ||     1
  Eat: Chunk             |     4 |     2 ||     6
       Bread ration      |       |     1 ||     1
Armor: Robe              |    39 |    20 ||    59
Dodge: Dodged            |    73 |    37 ||   110
